 Dungeon Crawl Stone Soup version 0.22.0-27-ga576289 (webtiles) character file.

2265 Monsterracer the Agent of Entropy (level 9, 0/55 HPs)
             Began as a Gargoyle Abyssal Knight on Aug 21, 2018.
             Was a Priest of Lugonu.
             Killed by nerve-wracking pain
             ... invoked by an orc priest
              (7 damage)
             ... on level 8 of the Dungeon.
             The game lasted 00:07:08 (5739 turns).

Monsterracer the Agent of Entropy (GrAK)            Turns: 5739, Time: 00:07:09

Health: 0/55       AC: 17    Str: 19    XL:     9   Next: 38%
Magic:  14/14      EV:  7    Int: 13    God:    Lugonu [***...]
Gold:   44         SH:  0    Dex:  9    Spells: 8/8 levels left

rFire    . . .     SeeInvis .   a - +0 lajatang
rCold    . . .     Gourm    .   (shield currently unavailable)
rNeg     + . .     Faith    .   t - +0 chain mail
rPois    ∞         Spirit   .   n - +0 helmet
rElec    +         Reflect  .   (no cloak)
rCorr    .         Harm     .   (no gloves)
MR       .....                  F - +0 pair of boots
Stlth    ..........             (no amulet)
HPRegen  0.18/turn              f - +5 ring of slaying
MPRegen  0.14/turn              j - ring of flight

@: slowed, very slow
A: negative energy resistance 1, electricity resistance, unbreathing,
petrification resistance, rot immunity, AC +6
a: Depart the Abyss, Bend Space, Banish, Renounce Religion, Evoke Flight


You were on level 8 of the Dungeon.
You worshipped Lugonu.
Lugonu was most pleased with you.
You were hungry.

You visited 1 branch of the dungeon, and saw 8 of its levels.
You visited the Abyss 1 time.

You collected 224 gold pieces.
You spent 180 gold pieces at shops.

Inventory:

Hand Weapons
 a - a +0 lajatang (weapon)
 b - a +0 flail
Armour
 n - a +0 helmet (worn)
 t - a +0 chain mail (worn)
 F - a +0 pair of boots (worn)
Jewellery
 f - a +5 ring of slaying (left hand)
 j - a ring of flight (right hand)
 s - an uncursed ring of magical power {unknown}
 B - an uncursed ring of positive energy {unknown}
Wands
 x - a wand of polymorph (10)
 D - a wand of digging (9)
Scrolls
 g - 2 scrolls of noise {unknown}
 i - a scroll of amnesia {unknown}
 k - 6 scrolls of identify {unknown}
 r - 3 scrolls of remove curse {unknown}
 v - a scroll of fog {unknown}
 y - a scroll of random uselessness {unknown}
 C - a scroll of magic mapping {unknown}
 E - 3 scrolls of teleportation {unknown}
Potions
 d - 2 potions of heal wounds
 e - a potion of magic {unknown}
 h - 2 potions of ambrosia {unknown}
 l - a potion of might {unknown}
 m - 3 potions of flight {unknown}
 o - 2 potions of haste {unknown}
 p - a potion of lignification {unknown}
 q - a potion of mutation {unknown}
 u - a potion of degeneration {unknown}
 w - a potion of resistance {unknown}
 z - a potion of brilliance {unknown}
 A - a potion of agility {unknown}
Comestibles
 c - 8 rations


   Skills:
 + Level 6.3 Fighting
 - Level 6.8(7.8) Maces & Flails
 * Level 5.6(7.1) Staves
 - Level 2.1 Armour
 - Level 0.7 Dodging
 * Level 7.8 Invocations


You had 8 spell levels left.
You didn't know any spells.
Your spell library contained the following spells:

 Spells                   Type           Power        Failure   Level  Hunger
 Sting                    Conj/Pois      #...         98%         1    ##.....
 Poisonous Vapours        Pois/Air       #.....       99%         2    ###....
 Mephitic Cloud           Conj/Pois/Air  #.......     100%        3    ####...
 Olgreb's Toxic Radiance  Pois           #.......     100%        4    #####..
 Venom Bolt               Conj/Pois      #.........   100%        5    ######.


Dungeon Overview and Level Annotations

Branches:
Dungeon (8/15)
 Temple: D:4-7         Lair: D:8-11

Altars:
Ashenzari
Makhleb
Ru
Vehumet
Xom

Shops:
D:6 (

Annotations:
D:4 3 runed doors, PeterLawrence's ghost, novice MiFi


Innate Abilities, Weirdness & Mutations

You are resistant to torment.
Your stone body is resilient. (AC +6)
You are immune to poison.
You resist negative energy. (rN+)
You are resistant to electric shocks. (rElec)
You can survive without breathing.
You are immune to petrification.
You are immune to rotting.


Message History

The centaur hits you.
You hit the centaur.
The centaur is moderately wounded.
The centaur hits you but does no damage. x2
There are monsters nearby!
You slash the centaur!
The centaur is severely wounded.
The centaur hits you but does no damage.
The orc wizard gestures wildly while chanting.
The orc wizard seems to speed up.
An orc priest comes into view. It is wielding a morningstar.
The centaur barely misses you.
You slash the centaur!
You kill the centaur!
Lugonu accepts your kill.
Training target 7.0 for Staves reached!
You need to enable at least one skill for training.
You hit the orc priest.
The orc priest is lightly wounded.
The orc priest barely misses you.
The orc wizard casts a spell.
The orc wizard blinks!
The orc priest calls upon Beogh to heal the orc priest.
The orc priest's wounds heal themselves!
The orc hits you but does no damage.
You slash the orc priest!
The orc priest is severely wounded.
The orc priest hits you but does no damage.
The orc barely misses you.
The orc wizard gestures wildly while chanting.
The orc wizard seems to speed up.
You closely miss the orc priest.
The orc priest is severely wounded.
The orc priest barely misses you.
The orc priest looks encouraged for a moment.
The orc barely misses you.
The orc priest calls down the wrath of Beogh upon you.
Beogh smites you!
You take 15 damage, and have 38/55 hp.
MASSIVE DAMAGE!!
You hit the orc priest.
The orc priest is almost dead.
The orc wizard gestures wildly while chanting.
The orc wizard blinks!
The orc hits you but does no damage.
You slash the orc wizard!
You kill the orc wizard!
Lugonu accepts your kill.
The orc wizard gestures wildly while chanting.
The orc wizard blinks!
The orc hits you but does no damage.
The orc priest mumbles some strange prayers to Beogh against you.
Beogh smites you!
You take 7 damage, and have 32/55 hp.
You slash the orc!
You kill the orc!
Lugonu accepts your kill.
The orc priest invokes the aid of Beogh against you.
Beogh smites you!
* * * LOW HITPOINT WARNING * * *
You take 11 damage, and have 21/55 hp.
The orc wizard hits you but does no damage.
The orc priest invokes the aid of Beogh against you.
Beogh smites you!
* * * LOW HITPOINT WARNING * * *
The orc priest mumbles some strange prayers to Beogh against you.
You struggle to resist.
Things that are here:
a club; a ring mail You take 14 damage, and have 7/55 hp.
MASSIVE DAMAGE!!
Unknown command.
Unknown command.
Space bends sharply around you!
You kill the orc priest!
Lugonu accepts your kill.
The orc wizard blinks!
You blink.
You take 2 damage, and have 5/55 hp.
You now have 13/14 mp.
You open the door.
The orc priest calls upon Beogh to heal the orc wizard.
The orc wizard's wounds heal themselves!
There is an open door here.
The orc wizard hits you but does no damage.
Your chain mail prevents you from hitting the orc wizard.
The orc wizard hits you but does no damage.
You slash the orc wizard!
The orc wizard is almost dead.
The orc wizard hits you but does no damage. x2
MP restored: 14 You closely miss the orc wizard.
The orc wizard is almost dead.
The orc wizard hits you but does no damage.
The orc wizard closely misses you.
The orc wizard points at you and mumbles some strange words.
You easily resist.
The orc wizard hits you but does no damage.
The orc wizard gestures at you while chanting.
You feel yourself slow down.
You slash the orc wizard!
You kill the orc wizard!
Lugonu accepts your kill.
The orc priest calls down the wrath of Beogh upon you.
Pain shoots through your body!
You die...

#####....((...o.####
#...........#
#...........#
#...........#
#...........#
#...........#
#....o......#
#####)#######..
#..@........
#...........
#...........
######+###.. .


You could see an orc priest.

Vanquished Creatures
  Grinder (D:3)
  Sigmund (D:3)
  A hungry ghost (D:4)
  Duvessa (D:7)
  A water moccasin (D:6)
  A black bear (D:7)
  A phantom (D:4)
  2 ice beasts
  An ogre (D:7)
  2 centaurs
  Dowan (D:7)
  A scorpion (D:5)
  A howler monkey (D:7)
  2 crimson imps
  A centaur zombie (D:6)
  A bullfrog zombie (D:5)
  2 hounds
  A jelly (D:3)
  A centaur skeleton (D:4)
  3 orc priests
  4 orc wizards
  4 worker ants
  Natasha (D:2)
  2 hound zombies
  2 hound skeletons
  2 worker ant zombies (D:5)
  A gnoll (D:1)
  9 adders
  2 howler monkey skeletons
  2 adder skeletons
  2 worms (D:3)
  3 dart slugs (D:1)
  A leopard gecko (D:2)
  12 orcs
  7 giant cockroaches
  13 goblins
  5 hobgoblins
  3 jackals (D:3)
  7 kobolds
  A quokka (D:3)
  A ball python (D:5)
  A ball python zombie (D:5)
  4 bats
  3 frilled lizards
  A leopard gecko skeleton (D:5)
  A quokka zombie (D:5)
  9 rats
129 creatures vanquished.

Notes
Turn   | Place    | Note
-------+----------+-------------------------------------------
     0 | Abyss:1  | Monsterracer the Gargoyle Abyssal Knight began the quest for the Orb.
     0 | Abyss:1  | Reached XP level 1. HP: 14/14 MP: 2/2
    38 | Abyss:1  | Noticed a ynoxinul
    39 | D:1      | Escaped the Abyss
   306 | D:1      | Reached * piety under Lugonu
   306 | D:1      | Reached XP level 2. HP: 14/19 MP: 3/3
   460 | D:1      | Reached XP level 3. HP: 23/23 MP: 4/4
  1320 | D:2      | Reached XP level 4. HP: 24/28 MP: 5/5
  1687 | D:2      | Noticed Natasha
  1694 | D:2      | Killed Natasha
  1694 | D:2      | Reached skill level 3 in Invocations
  1694 | D:2      | Reached XP level 5. HP: 20/33 MP: 7/7
  2096 | D:3      | Reached ** piety under Lugonu
  2123 | D:3      | Noticed Sigmund
  2132 | D:3      | Killed Sigmund
  2132 | D:3      | Reached skill level 5 in Maces & Flails
  2132 | D:3      | Reached skill level 4 in Invocations
  2132 | D:3      | Reached XP level 6. HP: 37/38 MP: 7/9
  2190 | D:3      | Noticed Grinder
  2191 | D:3      | Paralysed by Grinder for 7 turns
  2205 | D:3      | Paralysed by Grinder for 7 turns
  2219 | D:3      | HP: 16/38 [Grinder (5)]
  2224 | D:3      | HP: 13/38 [Grinder (3)]
  2225 | D:3      | Killed Grinder
  2225 | D:3      | Reached XP level 7. HP: 13/44 MP: 10/10
  2573 | D:3      | Found a sacrificial altar of Ru.
  2748 | D:3      | Reached skill level 5 in Invocations
  2841 | D:4      | Noticed a hungry ghost
  2868 | D:4      | Killed a hungry ghost
  2894 | D:5      | Entered Level 5 of the Dungeon
  2919 | D:5      | Reached skill level 5 in Fighting
  2919 | D:5      | Reached XP level 8. HP: 35/49 MP: 12/12
  3249 | D:4      | Found a runed gate.
  3315 | D:5      | Reached skill level 6 in Invocations
  3320 | D:5      | Found a shattered altar of Ashenzari.
  3586 | D:6      | Found Gumav's Weapon Boutique.
  3776 | D:5      | Reached *** piety under Lugonu
  4095 | D:5      | Noticed a hornet
  4328 | D:4      | Noticed PeterLawrence's ghost (novice MiFi)
  4329 | D:4      | Found a runed gate.
  4331 | D:4      | Found a runed gate.
  4840 | D:6      | Reached skill level 7 in Invocations
  4961 | D:6      | Found a radiant altar of Vehumet.
  5086 | D:6      | Bought a +0 lajatang for 180 gold pieces
  5137 | D:6      | Reached skill level 1 in Staves
  5266 | D:7      | Noticed Dowan
  5267 | D:7      | Noticed Duvessa
  5283 | D:7      | Killed Duvessa
  5283 | D:7      | Reached XP level 9. HP: 46/55 MP: 14/14
  5289 | D:7      | Killed Dowan
  5401 | D:7      | Found a burning altar of Makhleb.
  5402 | D:7      | Found a shimmering altar of Xom.
  5629 | D:7      | Reached skill level 5 in Staves
  5727 | D:8      | HP: 21/55 [orc priest/divine providence (11)]
  5728 | D:8      | HP: 7/55 [orc priest/divine providence (14)]
  5739 | D:8      | Killed from afar by an orc priest

Skill      XL: |  1  2  3  4  5  6  7  8  9 |
---------------+----------------------------+-----
Maces & Flails | 3 4 5 6 |  6.8
Invocations    | 3 4 5 7 |  7.8
Fighting       | 4 5 6 |  6.3
Staves         | 2 5 |  5.6
Armour         | |  2.1
Dodging        | |  0.7

Action                   |  1- 3 |  4- 6 |  7- 9 || total
-------------------------+-------+-------+-------++-------
Melee: Mace              |    20 |       |       ||    20
       Flail             |    55 |    49 |   197 ||   301
       Lajatang          |       |       |    87 ||    87
Invok: Depart the Abyss  |     1 |       |       ||     1
       Bend Space        |       |       |     1 ||     1
  Eat: Chunk             |     1 |     3 |    10 ||    14
       Ration            |       |       |     2 ||     2
Armor: Leather armour    |    30 |    16 |    10 ||    56
       Chain mail        |       |       |   193 ||   193
Dodge: Dodged            |    39 |    25 |   111 ||   175

Vault maps used:
D:1:      lemuel_arrival_tunnels
D:2:      first_ration, uniq_natasha
D:3:      tso_oasis_becter, nicolae_ru_path_of_blood, uniq_grinder, uniq_sigmund
D:4:      gammafunk_ghost_nasty_kobolds, lemuel_statue_altar
D:5:      lemuel_doored_altar, basic_altar, serial_undead, serial_undead_b,
          serial_undead_b, serial_undead_f, serial_undead_b,
          ebering_ghost_disaster_area
D:6:      lemuel_coloured_pillars_altar, serial_shops, shop_statue, uniq_edmund
D:7:      grunt_temple_overflow_champion_of_chaos, okawaru_altar_gauntlet_db,
          temple_green, basic_altar, uniq_duvessa
D:8:      uniq_gastronok
Abyss:1:  guppyfry_abyss_exit_glass_guarded
